 Dungeon Sprint DCSS version 0.30-a0-54-g2e61a25929 (webtiles) character file.

Game seed: 6673422271902733719

137 Ankalagon the Martial Artist (level 5, -7/60 HPs)
             Began as a Draconian Monk on Sept 7, 2022.
             Mangled by a neqoxec (13 damage)
             ... in the Dungeon (Sprint II: "The Violet Keep of Menkaure").
             The game lasted 00:00:16 (19 turns).

Ankalagon the Martial Artist (Draconian Monk)         Turns: 19, Time: 00:00:17

Health: -7/60      AC:  5    Str: 14    XL:     5   Next: 0%
Magic:  5/5        EV: 12    Int: 10    God:
Gold:   0          SH:  0    Dex: 15    Spells: 4/4 levels left

rFire   . . .      SeeInvis .      - Unarmed
rCold   . . .      Faith    .    (no shield)
rNeg    . . .      Spirit   .    (body armour unavailable)
rPois   .          Reflect  .    (helmet restricted)
rElec   .          Harm     .    (no cloak)
rCorr   .          Rampage  .    (no gloves)
Will    .....      NoTele   +    (no boots)
Stlth   ..........               (no amulet)
HPRegen 0.20/turn                (no ring)
MPRegen 0.09/turn                (no ring)

@: berserking (expiring), unable to read, very quick
A: AC +5, unfitting armour, cold-blooded, frail 1, inability to read after
injury 1
a: no special abilities


You were in the Dungeon.
You visited 1 branch

Inventory:

Scrolls
 g - a scroll of blinking
Potions
 a - a potion of ambrosia
 b - a potion of curing
 c - a potion of heal wounds
 d - a potion of haste
 e - 2 potions of magic


   Skills:
 + Level 3.2 Fighting
 + Level 2.6 Dodging
 + Level 1.7 Stealth
 + Level 10.4 Unarmed Combat


You had 4 spell levels left.
You didn't know any spells.
Your spell library was empty.

Dungeon Overview and Level Annotations

Branches:
Dungeon (1/1)

Altars:


Innate Abilities, Weirdness & Mutations

Your plain brown scales are hard. (AC +5)
You cannot fit into any form of body armour.
You are cold-blooded and may be slowed by cold attacks.
You are frail. (-10% HP)
You occasionally lose the ability to read scrolls when taking damage.


Message History

The neqoxec closely misses you.
You closely miss the neqoxec.
The neqoxec is almost dead.
You hit the neqoxec.
You kill the neqoxec!
The neqoxec gestures at you.
Something tries to feed on your intellect!
The neqoxec gestures at you.
Something tries to feed on your intellect!
The neqoxec gestures at you.
You feel dopey. Something feeds on your intellect!
You feel your intelligence returning.
Your Unarmed Combat skill gained 7 levels and is now at level 10!
You have reached level 2!
You have reached level 3!
Your experience leads to an increase in your attributes!
Increase (S)trength, (I)ntelligence, or (D)exterity?
You feel agile. x2; Your scales feel tougher.
You have reached level 4!
You feel stronger.
You have reached level 5!
Unknown command.
There is an open door here.
You closely miss the neqoxec. The neqoxec hits you!
The neqoxec barely misses you. The neqoxec hits you!
You feel threatened and lose the ability to read scrolls!
* * * LOW HITPOINT WARNING * * *
You punch the neqoxec!
Your tail-slap misses the neqoxec.
The neqoxec is moderately wounded.
You punch the neqoxec!
The neqoxec is heavily wounded.
The neqoxec misses you.
The neqoxec hits you but does no damage.
The neqoxec hits you!
* * * LOW HITPOINT WARNING * * *
You punch the neqoxec!
The neqoxec is almost dead.
The neqoxec hits you!
You die...

## #+#
#.#
##.##3.#
+.<.@3#
##.##3#
#+# #.#
##


You could see 3 neqoxecs.

Vanquished Creatures
  A neqoxec (D)
1 creature vanquished.

Notes
Turn   | Place    | Note
-------+----------+-------------------------------------------
     0 | D        | Ankalagon the Draconian Monk began the quest for the Orb.
     0 | D        | Reached XP level 1. HP: 19/19 MP: 1/1
     1 | D        | Noticed a neqoxec
     1 | D        | Noticed a neqoxec
     1 | D        | Noticed a neqoxec
     1 | D        | Noticed a neqoxec
     2 | D        | Gained mutation: You are frail. (-10% HP) [a neqoxec]
     6 | D        | Gained mutation: You occasionally lose the ability to read
                  | scrolls when taking damage. [a neqoxec]
    14 | D        | Killed a neqoxec
    15 | D        | Reached skill level 10 in Unarmed Combat
    15 | D        | Reached XP level 2. HP: 20/23 MP: 2/2
    15 | D        | Reached XP level 3. HP: 23/27 MP: 3/3
    15 | D        | Reached XP level 4. HP: 30/34 MP: 4/4
    15 | D        | Reached XP level 5. HP: 35/40 MP: 5/5
    19 | D        | Mangled by a neqoxec

Illustrated notes

Levels and vault maps discovered:
D:        the_violet_keep_of_menkaure [sprint2_stairs_cluster_1,
          sprint2_shoproom, sprint2_temple, sprint2_basic_supplies,
          sprint2_obstacle_6, sprint2_obstacle_4, sprint2_obstacle_5,
          sprint2_obstacle_2, sprint2_obstacle_3, sprint2_timed_cluster_1,
          sprint2_smallroom_cluster_1, sprint2_smallroom_final_cluster_1,
          sprint2_transparent_cluster_1, sprint2_second_timed_cluster_1,
          sprint2_sniper_area_1, sprint2_heavy_combat_area_1,
          sprint2_mutation_trap_area_1, sprint2_forest_area_1,
          sprint2_light_combat_area_1, sprint2_behind_water_1,
          sprint2_near_end_vault_1]

Skill      XL: |  1 |
---------------+----+-----
Unarmed Combat | 10 | 10.4
Fighting       | |  3.2
Dodging        | |  2.6
Stealth        | |  1.7

Action                   |  1- 3 |  4- 6 || total
-------------------------+-------+-------++-------
Melee: Unarmed           |    12 |     4 ||    16
  Use: Potion            |     1 |       ||     1
Armor: Skin              |     1 |     1 ||     2
Dodge: Dodged            |     3 |     2 ||     5

Table legend: (Time is in decaauts)
 A = Elapsed time spent in this place.
 B = Non-inter-level travel time spent in this place.
 C = Inter-level travel time spent in this place.
 D = Time resting spent in this place.
 E = Time spent auto-exploring this place.
 F = Levels seen in this place.
 G = Mean time per level.
                   A        B        C        D        E       F      G
               +--------+--------+--------+--------+--------+-----+--------+
         Total |     12 |     12 |      0 |      0 |      0 |   1 |   12.0 |
       Dungeon |     12 |     12 |      0 |      0 |      0 |   1 |   12.0 |
               +--------+--------+--------+--------+--------+-----+--------+

Top non-repeatable levels by time:
       D: 12 daAuts
